 Dungeon Sprint DCSS version 0.27.1-33-g824d729ab1 (webtiles) character file.

Game seed: 11007669761124617265

4538 manyhoops the Impaler (level 10, -1/101 HPs)
             Began as a Merfolk Berserker on Nov 25, 2021.
             Was a High Priest of Trog.
             Succumbed to a redback's poison
             ... in the Dungeon (Sprint I: "Red Sonja").
             The game lasted 00:04:08 (1456 turns).

manyhoops the Impaler (Merfolk Berserker)           Turns: 1456, Time: 00:04:09

Health: -1/101     AC: 11    Str: 21    XL:     10   Next: 40%
Magic:  1/1        EV: 16    Int:  7    God:    Trog [*****.]
Gold:   514        SH:  0    Dex: 17    Spells: 9/9 levels left

rFire    . . .     SeeInvis .   j - +0 scythe
rCold    . . .     Faith    .   (shield currently unavailable)
rNeg     . . .     Spirit   .   m - +4 scale mail of Ummos {MP-9 Dex+4}
rPois    .         Reflect  .   (no helmet)
rElec    .         Harm     .   (no cloak)
rCorr    .         Rampage  .   (no gloves)
Will     ++...     NoTele   +   (no boots)
Stlth    ..........             (no amulet)
HPRegen  1.26/turn              (no ring)
MPRegen  0.07/turn              (no ring)

@: lethally poisoned (-1 -> -26), strong-willed, on berserk cooldown,
regenerating
A: (nimble swimmer 2), mertail
a: Renounce Religion, Berserk, Trog's Hand, Brothers in Arms


You were in the Dungeon.
You worshipped Trog.
Trog was extremely pleased with you.
You visited 1 branch You collected 802 gold pieces.
You spent 288 gold pieces at shops.

Inventory:

Hand Weapons
 a - a +0 spear
 j - a +0 scythe (weapon)
Missiles
 l - 2 curare-tipped darts (quivered)
Armour
 b - a scarf of harm
 m - the +4 scale mail of Ummos (worn) {MP-9 Dex+4}
   (You bought it in a shop in the Dungeon)

   Dex:       It affects your dexterity (+4).
   MP:        It affects your magic capacity (-9).
Scrolls
 h - a scroll of blinking
Potions
 e - a potion of haste
 f - 2 potions of magic
 g - a potion of berserk rage
 k - a potion of might {unknown}


   Skills:
 - Level 17.0 Fighting
 - Level 19.0 Polearms
 + Level 5.2 Armour
 - Level 11.3 Dodging


You had 9 spell levels left.
You didn't know any spells.
Your spell library was empty.

Dungeon Overview and Level Annotations

Branches:
Dungeon (1/1)

Altars:
Cheibriados
Dithmenos
Elyvilon
Fedhas
Gozag
Hepliaklqana
Kikubaaqudgha
Makhleb
Nemelex Xobeh
Okawaru
Qazlal
Ru
Sif Muna
Trog
Uskayaw
Vehumet
Wu Jian
Xom
Yredelemnul
Zin
The Shining One
Jiyva
Lugonu

Shops:
D ([


Innate Abilities, Weirdness & Mutations

((You are quick and stealthy near water. (Stealth+, EV+, Speed+++)))
Your lower body shifts to a powerful aquatic tail in water.


Message History

You barely miss the redback.
The redback is moderately wounded.
* * * LOW HITPOINT WARNING * * *
You feel extremely sick. The redback bites you!
* * * LOW HITPOINT WARNING * * *
The redback closely misses you. x2
You feel much better.
You feel very sick. The redback misses you. The redback closely misses you.
Okay, then.
You feel better.
The redback bites you but does no damage.
The redback closely misses you.
Your skin crawls.
You feel strong-willed. The redback closely misses you.
The redback bites you but does no damage.
You hit the redback but do no damage.
The redback is moderately wounded.
The redback completely misses you. The redback closely misses you.
The redback misses you.
You miss the redback.
The redback is moderately wounded.
The redback misses you. The redback bites you!
* * * LOW HITPOINT WARNING * * *
You are lethally poisoned!
The redback poisons you!
You slice the redback!!
You kill the redback!
Trog accepts your kill.
* * * LOW HITPOINT WARNING * * *
You feel extremely sick.
Your Armour skill increases to level 5!
Okay, then.
It was a potion of cancellation.
Your magical effects are unravelling.
You feel magically purged.
You feel yourself speed up.
You die...

#..##.#§≈§§§#§.#
##'#_.+§§§§§§§§#
.'..._#§§≈).#..#
##_.#'##'#####'###
###'#(#(§§.###.'$#
###)####'###.###$#
+...'.....'.∩##§#
#...###########§#
##.## #@# #+# +§#
#§# #§# +§#


There were no monsters in sight!

Vanquished Creatures
  2 centaur warriors (D)
  Sonja (D)
  A deep troll (D)
  An oklob plant (D)
  2 kobold demonologists (D)
  A hornet (D)
  A slime creature (D)
  Sigmund (D)
  2 redbacks (D)
  A yak (D)
  A floating eye (D)
  An ogre (D)
  A jelly (D)
  Ijyb (D)
17 creatures vanquished.

Vanquished Creatures (others)
  2 hornets (D)
2 creatures vanquished.

Grand Total: 19 creatures vanquished

Notes
Turn   | Place    | Note
-------+----------+-------------------------------------------
     0 | D        | manyhoops the Merfolk Berserker began the quest for the
                  | Orb.
     0 | D        | Reached XP level 1. HP: 18/18 MP: 1/1
     1 | D        | Noticed Ijyb
     4 | D        | Killed Ijyb
     5 | D        | Reached skill level 9 in Polearms
     5 | D        | Reached XP level 2. HP: 24/24 MP: 2/2
     5 | D        | Reached XP level 3. HP: 29/29 MP: 3/3
    53 | D        | Noticed an ogre
    64 | D        | Killed an ogre
    65 | D        | Reached skill level 13 in Polearms
    65 | D        | Reached XP level 4. HP: 35/35 MP: 4/4
   168 | D        | Noticed Sigmund
   177 | D        | Killed Sigmund
   177 | D        | Reached ** piety under Trog
   178 | D        | Reached skill level 16 in Polearms
   178 | D        | Reached XP level 5. HP: 41/41 MP: 5/5
   178 | D        | Reached XP level 6. HP: 47/47 MP: 6/6
   254 | D        | Found an ornate altar of the Wu Jian Council.
   254 | D        | Found a shimmering blue altar of Sif Muna.
   256 | D        | Found a radiant altar of Vehumet.
   260 | D        | Reached skill level 17 in Polearms
   284 | D        | Found Nott's Weapon Emporium.
   284 | D        | Found an ancient bone altar of Kikubaaqudgha.
   284 | D        | Found a hazy altar of Hepliaklqana.
   284 | D        | Found a hide-covered altar of Uskayaw.
   284 | D        | Found a basalt altar of Yredelemnul.
   284 | D        | Found an opulent altar of Gozag.
   284 | D        | Found a snail-covered altar of Cheibriados.
   284 | D        | Found a sacrificial altar of Ru.
   284 | D        | Found a shadowy altar of Dithmenos.
   284 | D        | Noticed a yak
   292 | D        | Killed a yak
   293 | D        | Reached skill level 19 in Polearms
   293 | D        | Reached XP level 7. HP: 52/52 MP: 7/7
   320 | D        | Found a stormy altar of Qazlal.
   320 | D        | Found a blossoming altar of Fedhas.
   320 | D        | Found a bloodstained altar of Trog.
   320 | D        | Found an iron altar of Okawaru.
   320 | D        | Found a glowing golden altar of the Shining One.
   320 | D        | Found a glowing silver altar of Zin.
   320 | D        | Found a white marble altar of Elyvilon.
   321 | D        | Found a sparkling altar of Nemelex Xobeh.
   346 | D        | Noticed Sonja
   350 | D        | Killed Sonja
   350 | D        | Reached *** piety under Trog
   351 | D        | Reached skill level 10 in Fighting
   351 | D        | Reached XP level 8. HP: 32/72 MP: 8/8
   604 | D        | Noticed a deep troll
   612 | D        | Killed a deep troll
   844 | D        | Found a viscous altar of Jiyva.
   844 | D        | Found a corrupted altar of Lugonu.
   844 | D        | Noticed a slime creature
   845 | D        | Found a burning altar of Makhleb.
   845 | D        | Found a shimmering altar of Xom.
   849 | D        | Killed a slime creature
   850 | D        | Reached XP level 9. HP: 85/85 MP: 9/9
   926 | D        | Found Dyulusent's Armour Emporium.
   934 | D        | Bought the +4 scale mail of Ummos {MP-9 Dex+4} for 288 gold
                  | pieces
   981 | D        | Noticed a kobold demonologist
   983 | D        | Noticed a kobold demonologist
   984 | D        | Reached **** piety under Trog
   990 | D        | Noticed an orange demon
   990 | D        | Killed a kobold demonologist
   994 | D        | Noticed a hellwing
   994 | D        | Killed a kobold demonologist
  1052 | D        | Noticed a centaur warrior
  1087 | D        | Noticed a centaur warrior
  1093 | D        | Killed a centaur warrior
  1093 | D        | Reached ***** piety under Trog
  1094 | D        | Reached skill level 15 in Fighting
  1094 | D        | Reached skill level 10 in Dodging
  1099 | D        | Killed a centaur warrior
  1100 | D        | Reached XP level 10. HP: 76/100 MP: 1/10
  1386 | D        | Noticed an oklob plant
  1394 | D        | Killed an oklob plant
  1456 | D        | Reached skill level 5 in Armour
  1456 | D        | Succumbed to a redback's poison

Illustrated notes

Levels and vault maps discovered:
D:        dungeon_sprint_1 [red_sonja_temple_1, red_sonja_temple_small_1]

Skill      XL: |  1  2  3  4  5  6  7  8  9 10 |
---------------+-------------------------------+-----
Polearms       | 9 13 16 19 | 19.0
Fighting       | 10 13 16 17 | 17.0
Dodging        | 6 8 11 | 11.3
Armour         | 5 |  5.2

Action                   |  1- 3 |  4- 6 |  7- 9 | 10-12 || total
-------------------------+-------+-------+-------+-------++-------
Melee: Spear             |    12 |     8 |       |       ||    20
       Scythe            |       |    10 |    30 |    20 ||    60
Invok: Berserk           |     1 |     2 |     5 |     3 ||    11
       Trog's Hand       |       |       |     1 |     1 ||     2
  Use: Potion            |       |       |       |     3 ||     3
Armor: Scale mail        |       |       |     5 |     3 ||     8
Dodge: Dodged            |     4 |     4 |    18 |    17 ||    43
